 Dungeon Crawl Stone Soup version 0.17.1-1-g73c8601 (webtiles) character file.

7678 Goblin1989 the Basher (level 11, -1/82 HPs)
             Began as a Human Fighter on Dec 21, 2015.
             Was a Priest of Okawaru.
             Slain by an ice dragon (10 damage)
             ... in an ice cave on Dec 23, 2015.
             The game lasted 00:42:10 (10209 turns).

Goblin1989 the Basher (Human Fighter)              Turns: 10209, Time: 00:42:10

Health: -1/82      AC: 19    Str: 18      XL:     11   Next: 41%
Magic:  11/11      EV: 12    Int:  6      God:    Okawaru [***...]
Gold:   574        SH:  0    Dex:  8 (10) Spells: 0 memorised, 10 levels left

rFire  + . .     SeeInvis +     C - +1 dire flail
rCold  + . .     Clarity  +     H - +3 ring mail {MR+}
rNeg   . . .     SustAt   .     (shield currently unavailable)
rPois  +         Gourm    .     x - +2 helmet
rElec  +         Spirit   .     b - +1 cloak {+Inv}
rCorr  +         Warding  .     n - +0 pair of gloves
rMut   .         Stasis   .     I - +1 pair of boots "Eresuc" {MR+ Regen+ Int-3 SInv}
MR     ++...                    r - amulet of clarity
Stlth  ++........               (no ring)
                                (no ring)

@: resistant, heroism, very resistant to hostile enchantments, unstealthy
A: clumsy 1, frail 1, weak 1
a: Heroism, Renounce Religion, Evoke Invisibility


You were in an ice cave.
You worshipped Okawaru.
Okawaru was most pleased with you.
You were very hungry.

You visited 3 branches of the dungeon, and saw 10 of its levels.
You visited the Abyss 1 time.
You also visited: Ice Cave.

You collected 574 gold pieces.

Inventory:

Hand Weapons
 C - a +1 dire flail (weapon)
 E - a +0 shortbow
Missiles
 g - 13 arrows of frost
 F - 109 arrows
 J - 18 poisoned arrows
Armour
 b - a +1 cloak of invisibility (worn)
 n - a +0 pair of gloves (worn)
 x - a +2 helmet (worn)
 H - a +3 ring mail of magic resistance (worn)
 I - the +1 pair of boots "Eresuc" (worn) {MR+ Regen+ Int-3 SInv}
   (You found it on level 7 of the Dungeon)

   It affects your intelligence (-3).
   It affects your resistance to hostile enchantments.
   It lets you see invisible.
   It increases your rate of regeneration.
Jewellery
 q - an uncursed amulet of guardian spirit
 r - an amulet of clarity (around neck)
Wands
 d - a wand of magic darts (1)
 t - a wand of random effects (19)
 L - a wand of flame (31)
Scrolls
 k - 9 scrolls of identify {unknown}
 s - 5 scrolls of teleportation {unknown}
 u - 2 scrolls of enchant weapon {unknown}
 v - 5 scrolls of remove curse
 w - 2 scrolls of recharging {unknown}
 y - 2 scrolls of enchant armour {unknown}
Potions
 h - a potion of degeneration
 j - a potion of curing
 G - a potion of cancellation {unknown}
 K - a potion of haste {unknown}
Comestibles
 a - 3 meat rations
 e - 3 bread rations
 p - 5 fruits
 z - 2 beef jerkies


   Skills:
 * Level 10.5(15.5) Fighting
 + Level 13.3(18.3) Maces & Flails
 - Level 3.0(8.0) Armour
   Level 3.0(8.0) Shields
 - Level 0.4 Invocations


You had 10 spell levels left.
You didn't know any spells.

Dungeon Overview and Level Annotations

Branches:
Dungeon (8/15)             Temple (1/1) D:6            Lair (1/8) D:8

Altars:
Ashenzari
Cheibriados
Dithmenos
Gozag
Kikubaaqudgha
Makhleb
Okawaru
Qazlal
Ru
Sif Muna
Trog
Vehumet
Xom
Yredelemnul
Zin
The Shining One


Innate Abilities, Weirdness & Mutations

You are clumsy. (Dex -2)
You are frail (-10% HP).
You are weak. (Str -2)


Message History

The ice dragon misses you.
You barely miss the ice dragon.
The ice dragon is severely wounded.
The ice dragon barely misses you. The ice dragon claws you!
The ice dragon tramples you but does no damage.
You hit the ice dragon.
The ice dragon is severely wounded.
You hit the ice dragon.
The ice dragon is severely wounded.
The ice dragon breathes frost at you. The blast of cold hits you! You resist.
* * * LOW HITPOINT WARNING * * *
You barely miss the ice dragon.
The ice dragon is severely wounded.
You closely miss the ice dragon.
The ice dragon is severely wounded.
The ice dragon bites you!
* * * LOW HITPOINT WARNING * * *
The ice dragon closely misses you. The ice dragon tramples you!
You die...

######## ####......####
##......#.....###
#..D##.###......###
#####.@###$$.D....="#
#...##.##D$$$....$"=.
##.#....#$$$$$$..$=.$#
##..###.####$$$$$$$####
####..## ### #########
####....## ###......##
#...###### ..### ####


You could see an ice dragon.

Vanquished Creatures
  The ghost of AAAAA the Fighter, a journeyman DrGl of Yredelemnul (IceCv)
  Joseph (D:8)
  2 ice statues (IceCv)
  Eustachio (D:5)
  2 hippogriffs (D:8)
  A porcupine (D:8)
  An orc warrior (D:6)
  Duvessa (D:5)
  24 ice beasts
  A black bear (D:6)
  2 ogres
  2 sky beasts (D:7)
  A phantom (D:6)
  A necrophage (D:6)
  A big kobold (D:7)
  4 centaurs
  2 crocodiles (D:8)
  Blork the orc (D:5)
  4 giant frogs
  Dowan (D:5)
  7 wights
  2 scorpions
  2 crimson imps (D:6)
  2 jellies
  4 hounds
  Crazy Yiuf (D:5)
  A centaur skeleton (D:7)
  5 orc wizards
  2 iguanas
  5 orc priests
  5 sheep (D:8)
  4 worker ants
  A hound skeleton (D:6)
  8 adders
  A river rat (D:8)
  5 shadow imps
  2 adder skeletons
  3 worms
  23 orcs
  3 ball pythons
  A giant cockroach (D:2)
  7 hobgoblins
  10 jackals
  5 quokkas
  3 bats
  4 giant geckos
  A giant gecko zombie (D:7)
  6 giant newts
  4 goblins
  15 kobolds
  A quokka skeleton (D:6)
  A quokka zombie (D:7)
  5 rats
203 creatures vanquished.

Notes
Turn   | Place    | Note
--------------------------------------------------------------
     0 | D:1      | Goblin1989 the Human Fighter began the quest for the Orb.
     0 | D:1      | Reached XP level 1. HP: 18/18 MP: 1/1
   172 | D:1      | Reached XP level 2. HP: 24/24 MP: 2/2
   966 | D:2      | Reached XP level 3. HP: 29/29 MP: 3/3
  1373 | D:2      | Reached skill level 4 in Maces & Flails
  1373 | D:2      | Reached XP level 4. HP: 35/35 MP: 4/4
  1759 | D:3      | Found a shimmering altar of Xom.
  1977 | D:3      | Found a bloodstained altar of Trog.
  2466 | D:4      | Reached skill level 5 in Maces & Flails
  2466 | D:4      | Reached XP level 5. HP: 26/41 MP: 5/5
  3008 | D:4      | Noticed an ogre
  3028 | D:5      | Entered Level 5 of the Dungeon
  3149 | D:5      | Noticed Blork the orc
  3631 | D:5      | Cast into the Abyss (orc wizard)
  3685 | D:5      | Escaped the Abyss
  3689 | D:5      | Reached XP level 6. HP: 42/47 MP: 6/6
  3703 | D:5      | Reached skill level 6 in Maces & Flails
  3880 | D:5      | Killed Blork the orc
  4160 | D:5      | Found a glowing golden altar of the Shining One.
  4195 | D:5      | Reached skill level 7 in Maces & Flails
  4195 | D:5      | Reached XP level 7. HP: 49/52 MP: 7/7
  4225 | D:5      | Noticed Dowan
  4228 | D:5      | Noticed Duvessa
  4254 | D:5      | Killed Duvessa
  4270 | D:5      | Killed Dowan
  4505 | D:5      | Noticed Eustachio
  4532 | D:5      | Killed Eustachio
  4532 | D:5      | Reached skill level 8 in Maces & Flails
  4532 | D:5      | Reached XP level 8. HP: 53/58 MP: 8/8
  4581 | D:5      | Noticed Crazy Yiuf
  4594 | D:5      | Killed Crazy Yiuf
  4834 | D:5      | Noticed an ogre
  4843 | D:5      | Killed an ogre
  4843 | D:5      | Reached skill level 9 in Maces & Flails
  5236 | D:6      | Reached skill level 10 in Maces & Flails
  5432 | D:6      | Reached XP level 9. HP: 34/63 MP: 9/9
  5968 | D:6      | Reached skill level 11 in Maces & Flails
  6501 | D:6      | Found a staircase to the Ecumenical Temple.
  6509 | Temple   | Entered the Ecumenical Temple
  6553 | Temple   | Became a worshipper of Warmaster Okawaru
  7367 | D:4      | Killed an ogre
  7621 | D:7      | Got a pair of transparent boots
  7627 | D:7      | Identified the +1 pair of boots "Eresuc" {MR+ Regen+ Int-3 SInv} (You found it on level 7 of the Dungeon)
  7819 | D:7      | Reached * piety under Okawaru
  7828 | D:7      | Reached skill level 5 in Fighting
  7828 | D:7      | Reached skill level 12 in Maces & Flails
  7971 | D:8      | Noticed Joseph
  8087 | D:8      | Killed Joseph
  8087 | D:8      | Reached XP level 10. HP: 47/76 MP: 8/10
  8315 | D:8      | Found a staircase to the Lair.
  8533 | D:8      | Reached ** piety under Okawaru
  8575 | D:8      | Found a radiant altar of Vehumet.
  8879 | Lair:1   | Entered Level 1 of the Lair of Beasts
  8920 | Lair:1   | Found a frozen archway.
  9046 | IceCv    | Entered an ice cave
  9160 | IceCv    | Noticed AAAAA's ghost (journeyman DrGl)
  9217 | IceCv    | Killed AAAAA's ghost
  9217 | IceCv    | Reached *** piety under Okawaru
  9217 | IceCv    | Reached skill level 13 in Maces & Flails
  9217 | IceCv    | Reached XP level 11. HP: 7/89 MP: 11/11
  9232 | IceCv    | HP: 1/90 [ice beast (11)]
  9450 | IceCv    | Noticed an ice statue
  9530 | IceCv    | Reached skill level 10 in Fighting
  9585 | IceCv    | Noticed an ice statue
  9621 | IceCv    | Killed an ice statue
  9839 | IceCv    | Killed an ice statue
  9868 | IceCv    | Reached **** piety under Okawaru
  9943 | IceCv    | Noticed an ice dragon
 10096 | IceCv    | Noticed an ice dragon
 10158 | IceCv    | Gained mutation: You are clumsy. (Dex -2) [potion of mutation]
 10158 | IceCv    | Gained mutation: You are frail (-10% HP). [potion of mutation]
 10158 | IceCv    | Gained mutation: You are weak. (Str -2) [potion of mutation]
 10209 | IceCv    | Slain by an ice dragon

Action                   |  1- 3 |  4- 6 |  7- 9 | 10-12 || total
-------------------------+-------+-------+-------+-------++-------
Melee: Flail             |   105 |    76 |       |       ||   181
       Morningstar       |       |    73 |   210 |       ||   283
       Dire flail        |       |       |   197 |   322 ||   519
Invok: Heroism           |       |       |     1 |     3 ||     4
  Use: Potion            |       |     1 |     4 |     6 ||    11
       Scroll            |       |       |       |     3 ||     3
  Eat: Chunk             |     2 |     6 |     8 |       ||    16
       Fruit             |       |     1 |     2 |     4 ||     7
       Pizza             |       |     1 |       |     1 ||     2
       Bread ration      |       |       |     1 |       ||     1
